 Dungeon Crawl Stone Soup version 0.25-a0-729-g14964f1db5 (webtiles) character file.

Game seed: 3881660246229579367, levelgen mode: deterministic

81 Maedhros the Charlatan (level 4, -1/28 HPs)
             Began as an Octopode Artificer on Apr 6, 2020.
             Was a Follower of Cheibriados.
             Killed by divine providence
             ... invoked by an orc priest
              (11 damage)
             ... on level 3 of the Dungeon.
             The game lasted 00:03:21 (1058 turns).

Maedhros the Charlatan (Octopode Artificer)         Turns: 1058, Time: 00:03:24

Health: -1/28      AC:  1    Str: 14    XL:     4   Next: 42%
Magic:  7/7        EV: 14    Int: 16    God:    Cheibriados [*.....]
Gold:   138        SH:  0    Dex: 16    Spells: 3/3 levels left

rFire    . . .     SeeInvis .   a - +0 short sword
rCold    . . .     Gourm    .   (no shield)
rNeg     . . .     Faith    .   (helmet restricted)
rPois    .         Spirit   .   (no amulet)
rElec    .         Reflect  .   (no ring)
rCorr    .         Harm     .   (no ring)
MR       .....                  (no ring)
Stlth    ++++......             (no ring)
HPRegen  0.09/turn              (no ring)
MPRegen  0.10/turn              (no ring)
                                (no ring)
                                (no ring)

@: very slow
A: almost no armour, stealthy swim, amphibious, 8 rings, constrict 8, camouflage
1, gelatinous body 1
a: Bend Time, Renounce Religion


You were on level 3 of the Dungeon.
You worshipped Cheibriados.
Cheibriados was aware of your devotion.
You were not hungry.

You visited 1 branch of the dungeon, and saw 3 of its levels.

You collected 138 gold pieces.

Inventory:

Hand Weapons
 a - a +0 short sword (weapon)
 n - a +0 hunting sling
Missiles
 j - 5 boomerangs
 o - 37 stones (quivered)
Wands
 b - a wand of flame (11)
 c - a wand of enslavement (14)
 d - a wand of random effects (15)
 i - a wand of polymorph (10)
Scrolls
 e - 2 scrolls of remove curse {unknown}
 g - a scroll of immolation {unknown}
 h - 3 scrolls of enchant weapon {unknown}
 k - a scroll of amnesia {unknown}
 p - a scroll of enchant armour {unknown}
Potions
 l - a potion of cancellation {unknown}
Comestibles
 f - 2 rations


   Skills:
 - Level 1.0 Fighting
 - Level 1.0 Short Blades
 - Level 2.0 Dodging
 + Level 3.5 Stealth
 * Level 2.0 Unarmed Combat
 + Level 4.2 Evocations


You had 3 spell levels left.
You didn't know any spells.
Your spell library was empty.

Dungeon Overview and Level Annotations

Branches:
Dungeon (3/15)

Altars:
Cheibriados

Annotations:
D:3 1 runed translucent door, Masnef's ghost, amateur OgWz


Innate Abilities, Weirdness & Mutations

You cannot wear most types of armour.
You are very stealthy in the water. (Stealth+)
You are amphibious.
You can wear up to eight rings at the same time.
You can use your tentacles to constrict eight enemies at once.
Your skin changes colour to match your surroundings (Stealth+).
Your rubbery body absorbs attacks. (AC +1, EV +1)


Message History

Cheibriados appreciates the change of pace.
Your Unarmed Combat skill increases to level 2!
You hear a shout!
Evoke which item? (* to show all) (? for menu, Esc to quit)
Aiming: Throw Flame
Press: ? - help, Shift-Dir - straight line, f/p - orc
Aim: an orc, wielding a +0 trident and wearing a +0 ring mail (moderately wounded)
The puff of flame hits the orc.
You kill the orc!
Cheibriados appreciates the change of pace.
A ball python comes into view.
An orc comes into view. It is wielding a +0 mace.
An orc priest comes into view.
It is wielding a +2 flail of protection.
You barely miss the orc.
The orc shouts!
Your grab misses the orc. Your squeeze misses the orc.
Masnef's ghost's fingertips begin to glow.
The orc priest mumbles some strange prayers to Beogh against you.
Beogh smites you!
You die...

#### #..# ##.#
### #..#
...o.#####..#
..)..o)..o@.#
#######...#.#
###..#.#
≈WSS+.##.#
#####.##.#
##..##.#
####.##.########
#....##)........
#...)†.######


You could see an orc priest, Masnef's ghost, 2 adders and 2 orcs.

Vanquished Creatures
  2 adders
  An ooze (D:1)
  A dart slug (D:3)
  2 leopard geckos
  7 orcs (D:3)
  4 bats
  3 giant cockroaches
  6 goblins
  7 hobgoblins
  3 frilled lizards
  3 kobolds
  6 rats
45 creatures vanquished.

Vanquished Creatures (collateral kills)
  An orc (D:3)
1 creature vanquished.

Grand Total: 46 creatures vanquished

Notes
Turn   | Place    | Note
-------+----------+-------------------------------------------
     0 | D:1      | Maedhros the Octopode Artificer began the quest for the
                  | Orb.
     0 | D:1      | Reached XP level 1. HP: 13/13 MP: 3/3
    37 | D:1      | You fall into a shaft and drop 1 floor!
    89 | D:2      | Found a snail-covered altar of Cheibriados.
    93 | D:2      | Reached XP level 2. HP: 16/18 MP: 4/4
    97 | D:2      | Became a worshipper of Cheibriados the Contemplative
   478 | D:1      | Reached XP level 3. HP: 11/23 MP: 5/5
   560 | D:2      | Reached * piety under Cheibriados
   597 | D:2      | Reached skill level 1 in Unarmed Combat
   597 | D:2      | Reached skill level 4 in Evocations
   791 | D:3      | Reached XP level 4. HP: 13/28 MP: 7/7
  1038 | D:3      | Found a runed translucent door.
  1039 | D:3      | Noticed Masnef's ghost (amateur OgWz)
  1058 | D:3      | Killed from afar by an orc priest

Levels and vault maps discovered:
D:1:      dpeg_arrival_arbitrary_a, layout_basic
D:2:      layout_loops_ring, old_standard_altar, grunt_dithmenos_smoke,
          uniq_terence
D:3:      layout_loops_ring, nicolae_overflow_crystal_walls, first_ration,
          ebering_ghost_sewer_d

Skill      XL: |  1  2  3  4 |
---------------+-------------+-----
Stealth        | 2 3 |  3.5
Unarmed Combat | 1 2 |  2.0
Evocations     | 4 |  4.2
Fighting       | |  1.0
Short Blades   | |  1.0
Dodging        | |  2.0

Action                   |  1- 3 |  4- 6 || total
-------------------------+-------+-------++-------
Melee: Short sword       |    73 |    15 ||    88
       Constrict         |    21 |     5 ||    26
       Tentacles         |    13 |     2 ||    15
       Punch             |       |     1 ||     1
Evoke: Wand              |     1 |     4 ||     5
  Use: Potion            |     2 |       ||     2
 Stab: Sleeping          |    10 |       ||    10
Armor: Skin              |     5 |       ||     5
Dodge: Dodged            |    42 |    13 ||    55

Table legend:
 A = Non-vault XP
 B = Vault XP
 C = Vault XP percentage of total XP
 D = Non-vault monster count
 E = Vault monster count
 F = Vault count percentage of total count
                 A         B        C        D         E       F
            +---------+---------+-------+---------+---------+-------
      Total |     117 |       0 |   0.0 |      46 |       0 |   0.0
            +---------+---------+-------+---------+---------+-------
        D:1 |      26 |       0 |   0.0 |      12 |       0 |   0.0
        D:2 |      36 |       0 |   0.0 |      16 |       0 |   0.0
        D:3 |      55 |       0 |   0.0 |      18 |       0 |   0.0
            +---------+---------+-------+---------+---------+-------
